 Dungeon Crawl Stone Soup version 0.22-a0-44-geb883ae (webtiles) character file.

7 KristoblXynda the Skirmisher (level 2, 0/28 HPs)
             Began as a Naga Fighter on Jan 6, 2018.
             Slain by a leopard gecko (3 damage)
             ... on level 2 of the Dungeon.
             The game lasted 00:00:43 (61 turns).

KristoblXynda the Skirmisher (Naga Fighter)           Turns: 61, Time: 00:00:44

Health: 0/28       AC:  4    Str: 18    XL:     2   Next: 4%
Magic:  2/2        EV:  5    Int:  8    God:
Gold:   22         SH:  8    Dex: 10    Spells: 1/1 levels left

rFire    . . .     SeeInvis +   a - +0 long sword
rCold    . . .     Gourm    .   c - +0 shield
rNeg     . . .     Faith    .   b - +0 scale mail
rPois    +         Spirit   .   (no helmet)
rElec    .         Reflect  .   (no cloak)
rCorr    .         Harm     .   (no gloves)
MR       .....                  (no barding)
Stlth    ..........             (no amulet)
HPRegen  0.09/turn              (no ring)
MPRegen  0.08/turn              (no ring)

@: very slow
A: large, see invisible, deformed body, poison resistance, slowness 2, slow
metabolism 1, spit poison 1, AC +0
a: Spit Poison


You were on level 2 of the Dungeon.
You were not hungry.

You visited 1 branch of the dungeon, and saw 2 of its levels.

You collected 22 gold pieces.

Inventory:

Hand Weapons
 a - a +0 long sword (weapon)
Armour
 b - a +0 scale mail (worn)
 c - a +0 shield (worn)
Scrolls
 e - a scroll of random uselessness {unknown}
Potions
 d - 2 potions of might
Comestibles
 f - a ration


   Skills:
 - Level 3.0 Fighting
 + Level 2.2 Long Blades
 + Level 2.5 Armour
 + Level 2.5 Shields


You had one spell level left.
You didn't know any spells.

Dungeon Overview and Level Annotations

Branches:
Dungeon (1/15)

Altars:


Innate Abilities, Weirdness & Mutations

You cannot wear boots.
Your serpentine skin is tough. (AC +0)
You have supernaturally acute eyesight. (SInv)
Armour fits poorly on your strangely shaped body.
Your system is resistant to poisons. (rPois)
You cover ground very slowly.
You have a slow metabolism.
You can spit poison.


Message History

You block the frilled lizard's attack.
The leopard gecko bites you but does no damage.
Unknown command.
You hit the leopard gecko.
The leopard gecko is severely wounded.
The leopard gecko bites you.
* * * LOW HITPOINT WARNING * * *
The frilled lizard bites you but does no damage.
You block the leopard gecko's attack.
The frilled lizard bites you but does no damage.
It was a potion of cancellation.
You feel magically purged. You block the leopard gecko's attack.
The frilled lizard barely misses you.
You riposte.
You closely miss the frilled lizard.
Unknown command.
Okay, then.
You miss the leopard gecko.
The leopard gecko is severely wounded.
You have got your breath back.
The leopard gecko bites you.
You die...

[....# ...
.....# ....
......
[...#####....
##......##
.#........##
#...........#
#......l....#
#......l@..!#
#.............#
##..........###
##........##
#........#
#......(...
#...........
#......####.#


You could see a leopard gecko and a frilled lizard.

Vanquished Creatures
  A leopard gecko (D:2)
  3 bats (D:1)
  A goblin (D:2)
  A ball python (D:2)
6 creatures vanquished.

Notes
Turn   | Place    | Note
-------+----------+-------------------------------------------
     0 | D:1      | KristoblXynda the Naga Fighter began the quest for the Orb.
     0 | D:1      | Reached XP level 1. HP: 21/21 MP: 1/1
    44 | D:1      | You fall through a shaft!
    54 | D:2      | Reached XP level 2. HP: 12/28 MP: 2/2
    61 | D:2      | Slain by a leopard gecko

Vault maps used:
D:1:      dpeg_arrival_lava_altar, minmay_rat_gold_closets
D:2:      first_ration, minmay_tetromino_i4

Action                   || total
-------------------------++-------
Melee: Long sword        ||    18
 Abil: Spit Poison       ||     3
  Use: Potion            ||     1
Armor: Scale mail        ||    22
Dodge: Dodged            ||     6
Block: Shield            ||    17
       Rpst.: Long sword ||     3

Table legend:
 A = Spawn XP
 B = Non-spawn XP
 C = Spawn XP percentage of total XP
 D = Spawn monster count
 E = Non-spawn monster count
 F = Spawn count percentage of total count
 G = Total turns spent on level
                    A         B        C        D         E        F      G
               +---------+---------+-------+---------+---------+-------+---------
         Total |       0 |      11 |   0.0 |       0 |       6 |   0.0 |    61
               +---------+---------+-------+---------+---------+-------+---------
           D:1 |       0 |       5 |   0.0 |       0 |       3 |   0.0 |    44
           D:2 |       0 |       6 |   0.0 |       0 |       3 |   0.0 |    17
               +---------+---------+-------+---------+---------+-------+---------
